| TOP OF THE 1ST |
|
Springfield Cardinals batting - Pitching for Colorado (EL) Rockies : LHP Rich Byrd
|
|
Pitching: LHP Rich Byrd
|
|
|
Batting: RHB John Parra
|
0-0: Called Strike 0-1: Foul Ball, location: 2F 0-2: Strikes out swinging
|
|
Batting: RHB Dave Cluster
|
0-0: Ball 1-0: Fly out, F7 (Flyball, 78D, EV 77.5 MPH)
|
|
Batting: RHB David Fernandez
|
0-0: Ball 1-0: Called Strike 1-1: Foul Ball, location: 2F 1-2: Strikes out looking
|
| Top of the 1st over - 0 runs, 0 hits, 0 errors, 0 left on base; Springfield 0 - Colorado (EL) 0 |
| BOTTOM OF THE 1ST |
|
Colorado (EL) Rockies batting - Pitching for Springfield Cardinals : RHP Dantae Elizondo
|
|
Pitching: RHP Dantae Elizondo
|
|
|
Batting: RHB John Michener
|
0-0: Ball 1-0: Ball 2-0: Called Strike 2-1: Swinging Strike 2-2: Ball 3-2: Fly out, F9 (Line Drive, 9, EV 94.4 MPH)
|
|
Batting: RHB Eduardo Camacho
|
0-0: SINGLE (Groundball, 4S, EV 73.8 MPH) (infield hit)
|
|
Batting: LHB Eric Ludwig
|
0-0: Ball 1-0: Called Strike 1-1: Called Strike 1-2: Fielders Choice at 2nd, 3-6 (Groundball, 13, EV 83.8 MPH)
|
|
Batting: LHB Dave Doughty
|
0-0: Called Strike 0-1: Ball 1-1: Foul Ball, location: 2F 1-2: Foul Ball, location: 2F 1-2: Ground out 4-3 (Groundball, 4, EV 92.5 MPH)
|
| Bottom of the 1st over - 0 runs, 1 hit, 0 errors, 1 left on base; Springfield 0 - Colorado (EL) 0 |
| TOP OF THE 2ND |
|
Springfield Cardinals batting - Pitching for Colorado (EL) Rockies : LHP Rich Byrd
|
|
Batting: RHB Jorge Benites
|
0-0: Ball 1-0: Foul Ball, location: 2F 1-1: Ball 2-1: Foul Ball, location: 2F 2-2: Fly out, F8 (Line Drive, 8RD, EV 106.3 MPH)
|
|
Batting: RHB Javier Ochoa
|
0-0: Swinging Strike 0-1: Ball 1-1: Ball 2-1: Ball 3-1: Base on Balls
|
|
Batting: SHB Josh Conner
|
0-0: Called Strike 0-1: Ball 1-1: Called Strike 1-2: Strikes out swinging
|
|
Batting: RHB Daniel Samano
|
0-0: Ball 1-0: Swinging Strike 1-1: Ball 2-1: Foul Ball, location: 2F 2-2: Strikes out looking
|
| Top of the 2nd over - 0 runs, 0 hits, 0 errors, 1 left on base; Springfield 0 - Colorado (EL) 0 |
| BOTTOM OF THE 2ND |
|
Colorado (EL) Rockies batting - Pitching for Springfield Cardinals : RHP Dantae Elizondo
|
|
Batting: RHB Nick Rang
|
0-0: Ball 1-0: SOLO HOME RUN (Flyball, 7D, EV 93.1 MPH), Distance : 367 ft
|
|
Batting: RHB Matt Wheaton
|
0-0: Called Strike 0-1: Swinging Strike 0-2: Ball 1-2: Foul Ball, location: 2F 1-2: Foul Ball, location: 2F 1-2: Ball 2-2: SOLO HOME RUN (Flyball, 7D, EV 99.4 MPH), Distance : 364 ft
|
|
Batting: RHB Guillermo Veronese
|
0-0: Called Strike 0-1: Ball 1-1: Ground out 5-3 (Groundball, 56, EV 79.4 MPH)
|
|
Batting: RHB Max Schellekens
|
0-0: Ball 1-0: Ball 2-0: Ground out 4-3 (Groundball, 4, EV 98.8 MPH)
|
|
Batting: RHB Steve Waltenbery
|
0-0: Fly out, F9 (Flyball, 9D, EV 96.3 MPH)
|
| Bottom of the 2nd over - 2 runs, 2 hits, 0 errors, 0 left on base; Springfield 0 - Colorado (EL) 2 |
| TOP OF THE 3RD |
|
Springfield Cardinals batting - Pitching for Colorado (EL) Rockies : LHP Rich Byrd
|
|
Batting: LHB Yeong-hun Joe
|
0-0: Called Strike 0-1: Swinging Strike 0-2: Ball 1-2: Strikes out swinging
|
|
Batting: LHB Robert Rauda
|
0-0: Ball 1-0: Foul Ball, location: 2F 1-1: Ball 2-1: Ball 3-1: Called Strike 3-2: Ground out 6-3 (Groundball, 6S, EV 65.6 MPH)
|
|
Batting: RHB John Parra
|
0-0: Swinging Strike 0-1: Swinging Strike 0-2: Ball 1-2: Ball 2-2: Ball 3-2: Strikes out swinging
|
| Top of the 3rd over - 0 runs, 0 hits, 0 errors, 0 left on base; Springfield 0 - Colorado (EL) 2 |
| BOTTOM OF THE 3RD |
|
Colorado (EL) Rockies batting - Pitching for Springfield Cardinals : RHP Dantae Elizondo
|
|
Batting: RHB John Michener
|
0-0: Ball 1-0: Fly out, F8 (Flyball, 8RD, EV 81.9 MPH)
|
|
Batting: RHB Eduardo Camacho
|
0-0: Called Strike 0-1: Foul Ball, location: 2F 0-2: Ball 1-2: SINGLE (Groundball, 56D, EV 106.3 MPH)
|
|
Batting: LHB Eric Ludwig
|
0-0: Ball 1-0: Called Strike Eduardo Camacho steals 2nd base (no throw) 1-1: 2-RUN HOME RUN (Flyball, 9LD, EV 92.5 MPH), Distance : 335 ft
|
|
Batting: LHB Dave Doughty
|
0-0: Swinging Strike 0-1: Ground out 4-3 (Groundball, 4, EV 90.6 MPH)
|
|
Batting: RHB Nick Rang
|
0-0: SOLO HOME RUN (Flyball, 7LD, EV 95.0 MPH), Distance : 326 ft
|
|
Batting: RHB Matt Wheaton
|
0-0: Called Strike 0-1: Foul Ball, location: 2F 0-2: SOLO HOME RUN (Flyball, 78XD, EV 95.6 MPH), Distance : 373 ft
|
|
Batting: RHB Guillermo Veronese
|
0-0: Ball 1-0: Foul Ball, location: 2F 1-1: Foul Ball, location: 2F 1-2: Foul Ball, location: 2F 1-2: Ball 2-2: Foul Ball, location: 2F 2-2: Ball 3-2: Fly out, F8 (Line Drive, 8RD, EV 91.9 MPH)
|
| Bottom of the 3rd over - 4 runs, 4 hits, 0 errors, 0 left on base; Springfield 0 - Colorado (EL) 6 |
| TOP OF THE 4TH |
|
Springfield Cardinals batting - Pitching for Colorado (EL) Rockies : LHP Rich Byrd
|
|
Batting: RHB Dave Cluster
|
0-0: Called Strike 0-1: Swinging Strike 0-2: Ball 1-2: Strikes out swinging
|
|
Batting: RHB David Fernandez
|
0-0: Ball 1-0: Called Strike 1-1: Ball 2-1: Ball 3-1: Foul Ball, location: 2F 3-2: SOLO HOME RUN (Flyball, 7D, EV 93.8 MPH), Distance : 348 ft
|
|
Batting: RHB Jorge Benites
|
0-0: Ball 1-0: Foul Ball, location: 2F 1-1: Called Strike 1-2: Fly out, F8 (Flyball, 8LD, EV 102.5 MPH)
|
|
Batting: RHB Javier Ochoa
|
0-0: Fly out, F8 (Flyball, 8LD, EV 95.0 MPH)
|
| Top of the 4th over - 1 run, 1 hit, 0 errors, 0 left on base; Springfield 1 - Colorado (EL) 6 |
| BOTTOM OF THE 4TH |
|
Colorado (EL) Rockies batting - Pitching for Springfield Cardinals : RHP Dantae Elizondo
|
|
Batting: RHB Max Schellekens
|
0-0: Ball 1-0: Called Strike 1-1: Called Strike 1-2: Ball 2-2: Ball 3-2: Fly out, F4 (Popup, 34D, EV 58.1 MPH)
|
|
Batting: RHB Steve Waltenbery
|
0-0: Called Strike 0-1: Ball 1-1: Foul Ball, location: 2F 1-2: Foul Ball, location: 2F 1-2: Ball 2-2: Fly out, F3 (Popup, 3, EV 77.5 MPH)
|
|
Batting: RHB John Michener
|
0-0: Ball 1-0: Called Strike 1-1: Foul Ball, location: 2F 1-2: Ground out 5-3 (Groundball, 5L, EV 86.3 MPH)
|
| Bottom of the 4th over - 0 runs, 0 hits, 0 errors, 0 left on base; Springfield 1 - Colorado (EL) 6 |
| TOP OF THE 5TH |
|
Springfield Cardinals batting - Pitching for Colorado (EL) Rockies : LHP Rich Byrd
|
|
Batting: SHB Josh Conner
|
0-0: Ball 1-0: Called Strike 1-1: Foul Ball, location: 2F 1-2: Strikes out swinging
|
|
Batting: RHB Daniel Samano
|
0-0: Ball 1-0: Foul Ball, location: 2F 1-1: Foul Ball, location: 2F 1-2: Ball 2-2: Ground out 6-3 (Groundball, 56, EV 103.1 MPH)
|
|
Batting: LHB Yeong-hun Joe
|
0-0: Ball 1-0: Foul Ball, location: 2F 1-1: Ball 2-1: SINGLE (Line Drive, 4M, EV 107.5 MPH)
|
|
Batting: LHB Robert Rauda
|
0-0: Called Strike 0-1: Called Strike 0-2: Ball 1-2: Ball Yeong-hun Joe steals 2nd, throwing error, E2 Yeong-hun Joe to third 2-2: TRIPLE (Flyball, 89XD, EV 105.6 MPH) Yeong-hun Joe scores
|
|
Batting: RHB John Parra
|
0-0: Ball 1-0: Called Strike 1-1: Swinging Strike 1-2: Ball Wild Pitch! Robert Rauda scores 2-2: Strikes out swinging
|
| Top of the 5th over - 2 runs, 2 hits, 1 error, 0 left on base; Springfield 3 - Colorado (EL) 6 |
| BOTTOM OF THE 5TH |
|
Colorado (EL) Rockies batting - Pitching for Springfield Cardinals : RHP Dantae Elizondo
|
|
Batting: RHB Eduardo Camacho
|
0-0: SINGLE (Line Drive, 78S, EV 112.5 MPH)
|
|
Batting: LHB Eric Ludwig
|
0-0: Called Strike 0-1: Foul Ball, location: 2F 0-2: Ball 1-2: Ball 2-2: Ball 3-2: Fly out, F7 (Flyball, 7, EV 81.9 MPH)
|
|
Batting: LHB Dave Doughty
|
0-0: Ball 1-0: Ball 2-0: Called Strike 2-1: Foul Ball, location: 2F 2-2: Grounds out, U3 (Groundball, 3L, EV 105.0 MPH)
|
|
Batting: RHB Nick Rang
|
0-0: Ball 1-0: Ball 2-0: Called Strike 2-1: Ball 3-1: Base on Balls
|
|
Pitching: RHP Perry Cashwell
|
|
|
Batting: RHB Matt Wheaton
|
0-0: Called Strike 0-1: SINGLE (Groundball, 56S, EV 65.6 MPH) (infield hit) Eduardo Camacho to third Nick Rang to second
|
|
Batting: RHB Guillermo Veronese
|
0-0: Foul Ball, location: 2F 0-1: Ball 1-1: Ball 2-1: Fielders Choice at 2nd, 6-4 (Groundball, 6, EV 93.1 MPH)
|
| Bottom of the 5th over - 0 runs, 2 hits, 0 errors, 3 left on base; Springfield 3 - Colorado (EL) 6 |
| TOP OF THE 6TH |
|
Springfield Cardinals batting - Pitching for Colorado (EL) Rockies : LHP Rich Byrd
|
|
Batting: RHB Dave Cluster
|
0-0: SINGLE (Flyball, 4MD, EV 97.5 MPH)
|
|
Batting: RHB David Fernandez
|
0-0: Called Strike 0-1: Foul Ball, location: 2F 0-2: Ball 1-2: Ball 2-2: Ball 3-2: Foul Ball, location: 2F 3-2: Ground out 6-3 (Groundball, 6, EV 85.6 MPH) Dave Cluster to second
|
|
Batting: RHB Jorge Benites
|
0-0: Called Strike 0-1: Ball 1-1: Foul Ball, location: 2F 1-2: Foul Ball, location: 2F 1-2: Ball 2-2: Ball 3-2: Hit by Pitch
|
|
Batting: RHB Javier Ochoa
|
0-0: 3-RUN HOME RUN (Line Drive, 78XD, EV 99.4 MPH), Distance : 392 ft
|
|
Pitching: RHP Stephen Bailey
|
|
|
Batting: SHB Josh Conner
|
0-0: Ball 1-0: Ball 2-0: Called Strike 2-1: Ball 3-1: Foul Ball, location: 2F 3-2: DOUBLE (Line Drive, 78D, EV 106.9 MPH)
|
|
Batting: RHB Daniel Samano
|
0-0: Called Strike 0-1: Ball 1-1: Called Strike 1-2: Fly out, F9 (Flyball, 9LM, EV 96.9 MPH) Runner from 2nd tags up, SAFE at 3rd, no throw by RF
|
|
Batting: LHB Yeong-hun Joe
|
0-0: Called Strike 0-1: Called Strike 0-2: Ball 1-2: Foul Ball, location: 2F 1-2: Ball 2-2: Hit by Pitch
|
|
Batting: LHB Robert Rauda
|
0-0: Foul Ball, location: 2F 0-1: Ball 1-1: Fielders Choice at 2nd, 6-4 (Groundball, 6, EV 88.8 MPH)
|
| Top of the 6th over - 3 runs, 3 hits, 0 errors, 2 left on base; Springfield 6 - Colorado (EL) 6 |
| BOTTOM OF THE 6TH |
|
Colorado (EL) Rockies batting - Pitching for Springfield Cardinals : RHP Perry Cashwell
|
|
Batting: RHB Max Schellekens
|
0-0: Called Strike 0-1: Ball 1-1: Ground out 6-3 (Groundball, 6, EV 97.5 MPH)
|
|
Batting: RHB Steve Waltenbery
|
0-0: Called Strike 0-1: Swinging Strike 0-2: Strikes out swinging
|
|
Batting: RHB John Michener
|
0-0: Ball 1-0: Foul Ball, location: 2F 1-1: SINGLE (Groundball, 6MD, EV 95.6 MPH)
|
|
Batting: RHB Eduardo Camacho
|
0-0: Ball 1-0: 2-RUN HOME RUN (Flyball, 7D, EV 96.9 MPH), Distance : 352 ft
|
|
Batting: LHB Eric Ludwig
|
0-0: Foul Ball, location: 2F 0-1: Fly out, F5 (Popup, 25F, EV 80.0 MPH)
|
| Bottom of the 6th over - 2 runs, 2 hits, 0 errors, 0 left on base; Springfield 6 - Colorado (EL) 8 |
| TOP OF THE 7TH |
|
Springfield Cardinals batting - Pitching for Colorado (EL) Rockies : RHP Stephen Bailey
|
|
Pitching: RHP Ronnie DeVries
|
|
|
Batting: RHB John Parra
|
0-0: Ball 1-0: Swinging Strike 1-1: Ball 2-1: Ball 3-1: TRIPLE (Line Drive, 78XD, EV 105.6 MPH)
|
|
Batting: RHB Dave Cluster
|
0-0: Ground out 1-3 (Groundball, 13, EV 68.8 MPH)
|
|
Batting: RHB David Fernandez
|
0-0: Called Strike 0-1: Foul Ball, location: 2F 0-2: Foul Ball, location: 2F 0-2: Ball 1-2: Foul Ball, location: 2F 1-2: Strikes out looking
|
|
Batting: RHB Jorge Benites
|
0-0: Ball 1-0: Foul Ball, location: 2F 1-1: Foul Ball, location: 2F 1-2: Ball 2-2: Ball 3-2: Fly out, F8 (Flyball, 89M, EV 89.4 MPH)
|
| Top of the 7th over - 0 runs, 1 hit, 0 errors, 1 left on base; Springfield 6 - Colorado (EL) 8 |
| BOTTOM OF THE 7TH |
|
Colorado (EL) Rockies batting - Pitching for Springfield Cardinals : RHP Perry Cashwell
|
|
Pitching: LHP Chris Hanson
|
|
|
Batting: LHB Dave Doughty
|
0-0: Ball 1-0: Ground out 4-3 (Groundball, 34D, EV 102.5 MPH)
|
|
Batting: RHB Nick Rang
|
0-0: Called Strike 0-1: Ground out 5-3 (Groundball, 56S, EV 88.1 MPH)
|
|
Batting: RHB Matt Wheaton
|
0-0: Ball 1-0: Fly out, F6 (Line Drive, 6, EV 62.5 MPH)
|
| Bottom of the 7th over - 0 runs, 0 hits, 0 errors, 0 left on base; Springfield 6 - Colorado (EL) 8 |
| TOP OF THE 8TH |
|
Springfield Cardinals batting - Pitching for Colorado (EL) Rockies : RHP Ronnie DeVries
|
|
Pitching: RHP Mike Wilkins
|
|
|
Now in LF: R.J. Anchondo
|
|
|
Batting: RHB Javier Ochoa
|
0-0: Foul Ball, location: 2F 0-1: Swinging Strike 0-2: Strikes out swinging
|
|
Batting: SHB Josh Conner
|
0-0: Ball 1-0: Ground out 5-3 (Groundball, 5, EV 100.0 MPH)
|
|
Batting: RHB Daniel Samano
|
0-0: Called Strike 0-1: Swinging Strike 0-2: Strikes out swinging
|
| Top of the 8th over - 0 runs, 0 hits, 0 errors, 0 left on base; Springfield 6 - Colorado (EL) 8 |
| BOTTOM OF THE 8TH |
|
Colorado (EL) Rockies batting - Pitching for Springfield Cardinals : LHP Chris Hanson
|
|
Batting: RHB Guillermo Veronese
|
0-0: Called Strike 0-1: Ball 1-1: Foul Ball, location: 2F 1-2: SINGLE (Groundball, 56D, EV 103.1 MPH)
|
|
Batting: RHB Max Schellekens
|
0-0: Called Strike 0-1: Ball 1-1: Called Strike 1-2: Grounds into double play, 2-4-3 (Groundball, 2L, EV 67.5 MPH)
|
|
Batting: RHB Steve Waltenbery
|
0-0: Ball 1-0: Fly out, F7 (Flyball, 7D, EV 93.1 MPH)
|
| Bottom of the 8th over - 0 runs, 1 hit, 0 errors, 0 left on base; Springfield 6 - Colorado (EL) 8 |
| TOP OF THE 9TH |
|
Springfield Cardinals batting - Pitching for Colorado (EL) Rockies : RHP Mike Wilkins
|
|
Batting: LHB Yeong-hun Joe
|
0-0: SINGLE (Flyball, 3D, EV 98.1 MPH)
|
|
Batting: LHB Robert Rauda
|
0-0: Ball 1-0: Ball 2-0: Called Strike 2-1: Ball 3-1: Called Strike 3-2: Strikes out looking Yeong-hun Joe steals 2nd base Batter strikes out.
|
|
Batting: RHB John Parra
|
0-0: Called Strike 0-1: Ball 1-1: Fly out, F9 (Line Drive, 9D, EV 95.0 MPH)
|
|
Batting: RHB Dave Cluster
|
0-0: Fly out, F8 (Line Drive, 8RM, EV 106.3 MPH)
|
| Top of the 9th over - 0 runs, 1 hit, 0 errors, 1 left on base; Springfield 6 - Colorado (EL) 8 |
|